 Dungeon Sprint DCSS version 0.21-a0-264-g3e31e41 (webtiles) character file.

10249 Kidiri the Unseen (level 11, 0/53 (56) HPs)
             Began as a Spriggan Enchanter on Sept 8, 2017.
             Was an Elder of Dithmenos.
             Killed from afar by a hellephant (41 damage)
             ... with a blast of flame
             ... in the Dungeon (Sprint II: "The Violet Keep of Menkaure").
             The game lasted 00:12:10 (2353 turns).

Kidiri the Unseen (Spriggan Enchanter)              Turns: 2353, Time: 00:12:10

HP:   0/53 (56)     AC:  3    Str:  4    XL:     11   Next: 33%
MP:   17/28         EV: 33    Int: 18    God:    Dithmenos [****..]
Gold: 161           SH:  0    Dex: 23    Spells: 13/35 levels left

rFire    . . .     SeeInvis +   a - +1 dagger
rCold    . . .     Gourm    .   (shield restricted)
rNeg     . . .     Faith    .   b - +1 robe
rPois    .         Spirit   .   (helmet restricted)
rElec    .         Reflect  .   (no cloak)
rCorr    .         Harm     .   (gloves unavailable)
MR       +....     NoTele   +   (boots unavailable)
Stlth    +++++++++.             c - amulet of regeneration
HPRegen  0.57/turn              s - +4 ring of dexterity
MPRegen  0.21/turn              l - ring of flight

@: flying, wreathed by umbra, very quick
A: unfitting armour, see invisible, herbivore 3, speed 3, slow metabolism 2
a: Shadow Step, Renounce Religion, Stop Flying


You were in the Dungeon.
You worshipped Dithmenos.
Dithmenos was greatly pleased with you.
You were not hungry.

You visited 1 branch You collected 1621 gold pieces.
You spent 1460 gold pieces at shops.

Inventory:

Hand Weapons
 a - a +1 dagger (weapon)
Armour
 b - a +1 robe (worn)
Jewellery
 c - an amulet of regeneration (around neck)
 i - a +6 ring of intelligence
 k - an uncursed ring of poison resistance
 l - a ring of flight (right hand)
 s - a +4 ring of dexterity (left hand)
Scrolls
 j - a scroll of blinking
 w - a scroll of remove curse
Potions
 e - 4 potions of curing
 f - 2 potions of heal wounds
 g - a potion of haste
 h - 6 potions of magic
 m - a potion of agility
 o - 3 potions of resistance
 r - 5 potions of flight
 t - 2 potions of lignification
 u - a potion of might
Comestibles
 d - 3 bread rations
 n - 2 royal jellies
 v - a fruit


   Skills:
 + Level 6.1 Fighting
 * Level 11.5 Short Blades
 + Level 5.6 Armour
 * Level 14.8 Dodging
 * Level 15.9 Stealth
 * Level 12.9 Spellcasting
 + Level 4.5 Conjurations
 + Level 9.7 Hexes
 + Level 4.2 Summonings
 + Level 7.5 Translocations
 + Level 6.0 Ice Magic
 + Level 4.5 Air Magic
 + Level 5.1 Poison Magic


You had 13 spell levels left.
You knew the following spells:

 Your Spells              Type           Power        Failure   Level  Hunger
a - Corona                Hex            #####..      1%          1    None
b - Ensorcelled Hibernat  Hex/Ice        #####.       1%          2    None
c - Confuse               Hex            #####...     1%          3    None
d - Tukima's Dance        Hex            #####...     1%          3    None
e - Dazzling Spray        Conj/Hex       #####.       1%          3    None
f - Magic Dart            Conj           ####         1%          1    None
g - Slow                  Hex            #####...     1%          2    None
h - Blink                 Tloc           N/A          1%          2    None
i - Call Imp              Summ           ####....     1%          2    None
j - Mephitic Cloud        Conj/Pois/Air  ####....     2%          3    None


Dungeon Overview and Level Annotations

Branches:
Dungeon (1/1)

Altars:
Cheibriados
Dithmenos
Elyvilon
Fedhas
Gozag
Hepliaklqana
Kikubaaqudgha
Makhleb
Nemelex Xobeh
Okawaru
Qazlal
Ru
Sif Muna
Trog
Uskayaw
Vehumet
Wu Jian
Xom
Yredelemnul
Zin
The Shining One
Beogh
Jiyva
Lugonu

Shops:
D :[=!:([%*[?=(}}!

Annotations:
D exclusions: ice statue, oklob plant and 3 more exclusions, Kirke, Roxanne


Innate Abilities, Weirdness & Mutations

You are very small and have problems with some larger weapons.
You are too small for most types of armour.
You have supernaturally acute eyesight. (SInv)
You are a herbivore.
You cover ground extremely quickly.
You need consume almost no food.


Message History

Unknown command.
The helpless green draconian shifter fails to defend itself.
You stick the green draconian shifter like a pincushion!!!!!
You kill the green draconian shifter!
Dithmenos accepts your kill.
Your Fighting skill increases to level 6!
Your Ice Magic skill increases to level 6!
Your Poison Magic skill increases to level 5!
The hellephant tramples you!
You are shoved backwards!
Casting: Mephitic Cloud
Confirm with . or Enter, or press ? or * to list all spells.
Aiming: Dazzling Spray
Press: ? - help, Shift-Dir - straight line, f - hellephant
Aim: a hellephant (almost dead, umbra)
The spray of energy hits the hellephant.
The hellephant is almost dead.
The hellephant breathes flames at you. The blast of flame hits you!
Ouch! That really hurt!
You die...

..▓ ▓▓+▓▓▓▓.▓
+...▓0..▓
#...▓▓▓▓▓▓▓▓▓▓
#§§§▓§≈≈≈≈≈§≈▓▓
##=:▓▓▓▓▓▓▓▓▓▓▓▓+▓▓
.#:§▓).....".▓▓...▓
.#)=▓.....(..▓▓.Y.▓
#.#):▓.......(▓▓@).▓
.####▓........▓▓...▓
.##.#▓.(.....)▓▓.)$▓
.#..#▓..(.(.(.▓▓...▓
.#).#▓)[.)....▓▓$⌠$▓
.##.#▓.[)...:.▓▓...▓
.^.##▓▓▓▓▓▓▓+▓▓▓▓'▓▓
≈≈≈≈≈≈≈≈≈≈≈≈...≈≈≈▓
#+########+###.≈≈≈▓


You could see a hellephant.

Vanquished Creatures
  A deep elf master archer (D)
  A kraken (D)
  A draconian shifter (D)
  Sonja (D)
  2 deep trolls (D)
  A death drake (D)
  A glowing orange brain (D)
  A merfolk siren (D)
  A yaktaur (D)
  5 polar bears (D)
  A hornet (D)
  A blink frog (D)
  2 hippogriffs (D)
  3 yaks (D)
  Menkaure (D)
  A swamp drake (D)
  4 necrophages (D)
  3 crocodiles (D)
  3 worms (D)
34 creatures vanquished.

Vanquished Creatures (others)
  A crocodile (D)
  4 tentacles (D)
5 creatures vanquished.

Grand Total: 39 creatures vanquished

Notes
Turn   | Place    | Note
-------+----------+-------------------------------------------
     0 | D        | Kidiri the Spriggan Enchanter began the quest for the Orb.
     0 | D        | Reached XP level 1. HP: 9/9 MP: 5/5
     1 | D        | Noticed a necrophage
     1 | D        | Noticed a necrophage
     1 | D        | Noticed a necrophage
     1 | D        | Noticed a necrophage
    22 | D        | Found Siur's Gadget Emporium.
    23 | D        | Found Ukaoch's Armour Shoppe.
    23 | D        | Found Isigokol's General Store.
    23 | D        | Found Ifaoxiu's Book Shoppe.
    23 | D        | Found Bana's Food Shoppe.
    23 | D        | Found Xadeh's Jewellery Shoppe.
    23 | D        | Found Lobruy's Distillery.
    23 | D        | Found Xetoyrag's Gadget Shoppe.
    23 | D        | Found Nifudghusk's Antique Armour Emporium.
    23 | D        | Found Nyguynlu's Distillery.
    23 | D        | Found Ifucryge's Magic Scroll Emporium.
    25 | D        | Reached XP level 2. HP: 14/14 MP: 7/7
    40 | D        | Learned a level 2 spell: Ensorcelled Hibernation
    42 | D        | Noticed a hippogriff
    42 | D        | Noticed a hippogriff
    45 | D        | Noticed a merfolk siren
    52 | D        | Killed a crocodile
   499 | D        | Killed a hippogriff
   499 | D        | Reached skill level 8 in Stealth
   499 | D        | Reached skill level 5 in Hexes
   499 | D        | Reached XP level 3. HP: 19/19 MP: 3/11
   499 | D        | Reached XP level 4. HP: 23/23 MP: 3/13
   499 | D        | Reached XP level 5. HP: 27/27 MP: 3/14
   510 | D        | Killed a hippogriff
   510 | D        | Reached skill level 9 in Stealth
   510 | D        | Reached XP level 6. HP: 15/32 MP: 4/17
   614 | D        | Learned a level 3 spell: Confuse
   618 | D        | Learned a level 3 spell: Tukima's Dance
   622 | D        | Learned a level 3 spell: Dazzling Spray
   724 | D        | Killed a merfolk siren
   724 | D        | Reached skill level 10 in Stealth
   724 | D        | Reached skill level 1 in Conjurations
   724 | D        | Reached XP level 7. HP: 36/36 MP: 18/20
   741 | D        | Reached skill level 10 in Dodging
   741 | D        | Reached skill level 11 in Stealth
   766 | D        | Reached XP level 8. HP: 23/39 MP: 1/22
   943 | D        | Noticed Roxanne
   945 | D        | Noticed Menkaure
   946 | D        | Noticed Kirke
   946 | D        | Noticed a skeletal warrior
   946 | D        | Noticed a kobold demonologist
   947 | D        | Killed Menkaure
   966 | D        | Noticed an ice statue
   972 | D        | Found Cahutiawk's Antique Weapon Shoppe.
   974 | D        | Found Ewourilu's Weapon Emporium.
   975 | D        | Noticed a blink frog
   977 | D        | Killed a blink frog
   977 | D        | Reached skill level 12 in Stealth
   983 | D        | Found Ojyupn's Jewellery Shoppe.
   983 | D        | Found Urcheen's Antique Armour Emporium.
   984 | D        | Noticed a hippogriff
   987 | D        | Noticed a hippogriff
   987 | D        | Noticed a hippogriff
   987 | D        | Noticed an oklob plant
   988 | D        | Found Quridiso's Book Shoppe.
   991 | D        | Noticed a shining eye
   991 | D        | Noticed a shining eye
   992 | D        | Noticed a shining eye
   996 | D        | Noticed a slime creature
   996 | D        | Noticed a slime creature
  1023 | D        | Bought a +6 ring of intelligence for 585 gold pieces
  1029 | D        | Bought a book of Minor Magic for 200 gold pieces
  1031 | D        | Learned a level 1 spell: Magic Dart
  1034 | D        | Learned a level 2 spell: Slow
  1037 | D        | Learned a level 2 spell: Blink
  1040 | D        | Learned a level 2 spell: Call Imp
  1044 | D        | Learned a level 3 spell: Mephitic Cloud
  1086 | D        | Found a roughly hewn altar of Beogh.
  1087 | D        | Found a hazy altar of Hepliaklqana.
  1087 | D        | Found a snail-covered altar of Cheibriados.
  1088 | D        | Found a stormy altar of Qazlal.
  1088 | D        | Found a viscous altar of Jiyva.
  1088 | D        | Found a shadowy altar of Dithmenos.
  1089 | D        | Found a sacrificial altar of Ru.
  1089 | D        | Found an ancient bone altar of Kikubaaqudgha.
  1089 | D        | Found a white marble altar of Elyvilon.
  1090 | D        | Found an ornate altar of the Wu Jian Council.
  1090 | D        | Found a deep blue altar of Sif Muna.
  1090 | D        | Found a corrupted altar of Lugonu.
  1091 | D        | Found a shimmering altar of Xom.
  1091 | D        | Found a bloodstained altar of Trog.
  1091 | D        | Found a burning altar of Makhleb.
  1091 | D        | Found a blossoming altar of Fedhas.
  1092 | D        | Found a glowing golden altar of the Shining One.
  1092 | D        | Found a basalt altar of Yredelemnul.
  1092 | D        | Found a hide-covered altar of Uskayaw.
  1094 | D        | Found a glowing silver altar of Zin.
  1094 | D        | Found a radiant altar of Vehumet.
  1094 | D        | Found a sparkling altar of Nemelex Xobeh.
  1094 | D        | Noticed a hornet
  1094 | D        | Noticed a polar bear
  1095 | D        | Found an opulent altar of Gozag.
  1095 | D        | Found an iron altar of Okawaru.
  1095 | D        | Noticed a yaktaur
  1100 | D        | Became a worshipper of Dithmenos the Shadowed
  1107 | D        | Noticed a polar bear
  1108 | D        | Noticed a polar bear
  1115 | D        | Killed a polar bear
  1115 | D        | Reached skill level 1 in Translocations
  1118 | D        | Killed a hornet
  1118 | D        | Reached skill level 10 in Spellcasting
  1118 | D        | Reached skill level 1 in Summonings
  1118 | D        | Reached skill level 1 in Air Magic
  1118 | D        | Reached skill level 1 in Poison Magic
  1133 | D        | Killed a polar bear
  1133 | D        | Reached * piety under Dithmenos
  1133 | D        | Reached XP level 9. HP: 14/43 MP: 11/24
  1135 | D        | Killed a yaktaur
  1153 | D        | Killed a polar bear
  1153 | D        | Reached skill level 13 in Stealth
  1341 | D        | Noticed a death drake
  1346 | D        | Noticed a polar bear
  1347 | D        | Noticed a polar bear
  1348 | D        | Killed a polar bear
  1348 | D        | Reached ** piety under Dithmenos
  1350 | D        | Killed a polar bear
  1361 | D        | Noticed a deep elf master archer
  1396 | D        | Reached *** piety under Dithmenos
  1475 | D        | Killed a death drake
  1475 | D        | Reached skill level 5 in Fighting
  1596 | D        | Noticed a kraken
  1759 | D        | Killed a kraken
  1759 | D        | Reached skill level 10 in Short Blades
  1759 | D        | Reached skill level 5 in Armour
  1759 | D        | Reached skill level 14 in Stealth
  1759 | D        | Reached skill level 5 in Translocations
  1759 | D        | Reached skill level 5 in Ice Magic
  1759 | D        | Reached XP level 10. HP: 48/48 MP: 20/26
  1826 | D        | Noticed an orange crystal statue
  1848 | D        | Noticed a deep troll
  1849 | D        | Noticed a deep troll
  1850 | D        | Killed a deep troll
  1851 | D        | Killed a deep troll
  1851 | D        | Reached **** piety under Dithmenos
  2107 | D        | Killed a deep elf master archer
  2107 | D        | Reached skill level 15 in Stealth
  2107 | D        | Reached XP level 11. HP: 53/53 MP: 24/28
  2238 | D        | Bought an uncursed amulet of regeneration for 300 gold pieces
  2238 | D        | Bought an uncursed ring of poison resistance for 200 gold pieces
  2238 | D        | Bought an uncursed ring of flight for 175 gold pieces
  2345 | D        | Noticed a green draconian shifter
  2345 | D        | Noticed Sonja
  2346 | D        | Noticed a glowing orange brain
  2347 | D        | Noticed a hellephant
  2348 | D        | Killed a glowing orange brain
  2349 | D        | Killed Sonja
  2352 | D        | Killed a green draconian shifter
  2352 | D        | Reached skill level 5 in Poison Magic
  2353 | D        | Killed from afar by a hellephant

Vault maps used:
D:        the_violet_keep_of_menkaure

Skill      XL: |  1  2  3  4  5  6  7  8  9 10 11 |
---------------+----------------------------------+-----
Spellcasting   | 3 6 7 8 9 10 11 12 | 12.9
Short Blades   | 2 4 6 7 8 10 11 | 11.5
Dodging        | 4 7 8 9 10 11 13 14 | 14.8
Fighting       | 2 3 4 5 6 |  6.1
Armour         | 2 3 4 5 |  5.6
Stealth        | 8 9 10 11 12 14 15 | 15.9
Hexes          | 5 6 7 8 9 |  9.7
Ice Magic      | 2 3 4 5 6 |  6.0
Conjurations   | 1 2 3 4 |  4.5
Translocations | 2 5 6 7 |  7.5
Summonings     | 1 3 4 |  4.2
Air Magic      | 1 3 4 |  4.5
Poison Magic   | 1 3 4 5 |  5.1

Action                   |  1- 3 |  4- 6 |  7- 9 | 10-12 || total
-------------------------+-------+-------+-------+-------++-------
Melee: Dagger            |     9 |    12 |    58 |    11 ||    90
 Cast: Ensorcelled Hiber |     5 |       |     6 |       ||    11
       Dazzling Spray    |       |       |     8 |     1 ||     9
       Confuse           |       |       |     5 |     1 ||     6
       Mephitic Cloud    |       |       |     2 |     2 ||     4
Invok: Shadow Step       |       |       |     1 |     5 ||     6
 Abil: Evoke Flight      |       |       |       |     2 ||     2
       Stop Flying       |       |       |       |     1 ||     1
  Use: Potion            |     1 |       |       |       ||     1
       Scroll            |       |       |     9 |       ||     9
 Stab: Sleeping          |     6 |     1 |    10 |     9 ||    26
       Confused          |       |       |     8 |       ||     8
       Invisible         |       |       |     2 |       ||     2
Armor: Robe              |     3 |     1 |     1 |       ||     5
Dodge: Dodged            |    12 |    11 |    35 |     3 ||    61

Table legend:
 A = Spawn XP
 B = Non-spawn XP
 C = Spawn XP percentage of total XP
 D = Spawn monster count
 E = Non-spawn monster count
 F = Spawn count percentage of total count
 G = Total turns spent on level
                    A         B        C        D         E        F      G
               +---------+---------+-------+---------+---------+-------+---------
         Total |       0 |   14642 |   0.0 |       0 |      34 |   0.0 |  2353
               +---------+---------+-------+---------+---------+-------+---------
             D |       0 |   14642 |   0.0 |       0 |      34 |   0.0 |  2353
               +---------+---------+-------+---------+---------+-------+---------
